 Dungeon Crawl Stone Soup version 0.25-a0-697-g890751e744 (webtiles) character file.

Game seed: 17190286351420268150, levelgen mode: deterministic

933 DerDa the Firebug (level 7, -2/46 HPs)
             Began as a Demonspawn Fire Elementalist on Apr 1, 2020.
             Killed from afar by an orc wizard (5 damage)
             ... with a magic dart
             ... on level 5 of the Dungeon.
             The game lasted 00:13:52 (4504 turns).

DerDa the Firebug (Demonspawn Fire Elementalist)    Turns: 4504, Time: 00:13:53

Health: -2/46      AC:  4    Str:  9    XL:     7   Next: 86%
Magic:  11/14      EV: 12    Int: 18    God:
Gold:   133        SH:  0    Dex: 13    Spells: 11/16 levels left

rFire    . . .     SeeInvis .   p - +4 mace (protect)
rCold    . . .     Gourm    .   (no shield)
rNeg     . . .     Faith    .   a - +0 robe
rPois    .         Spirit   .   (helmet restricted)
rElec    .         Reflect  .   (no cloak)
rCorr    .         Harm     .   (no gloves)
MR       .....                  (no boots)
Stlth    +++.......             (no amulet)
HPRegen  0.15/turn              (no ring)
MPRegen  0.14/turn              (no ring)

@: no status effects
A: horns 1, iridescent scales 1, nightstalker 1
a: no special abilities


You were on level 5 of the Dungeon.
You were not hungry.

You visited 1 branch of the dungeon, and saw 5 of its levels.

You collected 133 gold pieces.

Inventory:

Hand Weapons
 p - a +4 mace of protection (weapon)
Missiles
 d - 97 stones (quivered)
 e - 3 boomerangs
Armour
 a - a +0 robe (worn)
 k - a +0 buckler
Wands
 m - a wand of clouds (6)
Scrolls
 g - 2 scrolls of noise {unknown}
 j - 4 scrolls of identify {unknown}
 l - a scroll of remove curse {unknown}
 n - a scroll of teleportation {unknown}
 o - a scroll of immolation {unknown}
 q - a scroll of fear {unknown}
Potions
 b - a potion of magic {unknown}
 f - a potion of mutation {unknown}
 i - a potion of ambrosia {unknown}
Comestibles
 c - 5 rations


   Skills:
 - Level 1.7 Dodging
 - Level 1.7 Stealth
 + Level 1.5 Shields
 * Level 5.0 Spellcasting
 * Level 5.0 Conjurations
 * Level 5.3 Fire Magic


You had 11 spell levels left.
You knew the following spells:

 Your Spells              Type           Power        Failure   Level  Hunger
a - Foxfire               Conj/Fire      ###.         1%          1    None
b - Sticky Flame          Conj/Fire      ###.....     16%         4    ####...

Your spell library contained the following spells:

 Spells                   Type           Power        Failure   Level  Hunger
 Conjure Flame            Conj/Fire      ###.....     4%          3    ##.....
 Inner Flame              Hex/Fire       ##......     14%         3    ##.....
 Fireball                 Conj/Fire      ###.......   41%         5    ######.


Dungeon Overview and Level Annotations

Branches:
Dungeon (5/15)
 Temple: D:4-7

Altars:
Nemelex Xobeh
Qazlal
Vehumet


Innate Abilities, Weirdness & Mutations

You have a pair of small horns on your head.
You are partially covered in iridescent scales. (AC +2)
You are slightly more attuned to the shadows.


Message History

Your Spellcasting skill increases to level 5!
Your Conjurations skill increases to level 5!
An orc comes into view. It is wielding a +0 flail.
The foxfire hits the orc wizard.
The orc wizard is lightly wounded.
The orc wizard points at you and mumbles some strange words.
The magic dart hits you!
* * * LOW HITPOINT WARNING * * *
The orc wizard points at you and mumbles some strange words.
The magic dart hits you.
* * * LOW HITPOINT WARNING * * *
All of the chunks of flesh in your inventory have rotted away.
The orc wizard barely misses you. The orc wizard casts a spell at you.
The magic dart hits you.
* * * LOW HITPOINT WARNING * * *
There is a stone staircase leading down here.
The orc wizard points at you and mumbles some strange words.
The magic dart hits you.
You die...

.# ####.. .#
####..... ..#
#.......## ..#
.........## ..#
.............# ...
...#.........##
##.......<....#
#.............##
#.........o@...#
###
#...o..o.....##
...##
#....o.....###
.o..####..########
[...(##..##
.....o(...#
.....####.# ....##
### ..###


You could see an orc priest, an orc wizard and 2 orcs.

Vanquished Creatures
  4 ogres
  A centaur (D:5)
  Blork the orc (D:4)
  A hound (D:4)
  2 orc priests
  2 orc wizards (D:4)
  Terence (D:3)
  An iguana (D:3)
  2 worker ants
  12 adders
  2 oozes
  5 dart slugs
  2 leopard geckos
  9 orcs
  7 bats
  4 giant cockroaches
  12 goblins
  7 hobgoblins
  2 quokkas
  2 ball pythons
  3 frilled lizards
  8 kobolds
  9 rats
99 creatures vanquished.

Vanquished Creatures (others)
  A goblin (D:2)
  369 foxfires
  4 toadstools (D:1)
374 creatures vanquished.

Grand Total: 473 creatures vanquished

Notes
Turn   | Place    | Note
-------+----------+-------------------------------------------
     0 | D:1      | DerDa the Demonspawn Fire Elementalist began the quest for
                  | the Orb.
     0 | D:1      | Reached XP level 1. HP: 13/13 MP: 3/3
   138 | D:1      | Gained mutation: You are slightly more attuned to the
                  | shadows. [demonic ancestry]
   138 | D:1      | Reached XP level 2. HP: 19/19 MP: 0/5
   650 | D:1      | Reached XP level 3. HP: 22/24 MP: 2/6
  1291 | D:2      | Gained mutation: You have a pair of small horns on your
                  | head. [demonic ancestry]
  1291 | D:2      | Reached XP level 4. HP: 25/30 MP: 3/8
  1566 | D:2      | Found a radiant altar of Vehumet,
  1767 | D:3      | Noticed an ogre
  1804 | D:2      | Learned a level 4 spell: Sticky Flame
  1867 | D:3      | Noticed Terence
  1868 | D:3      | Noticed an ogre
  2106 | D:3      | Reached XP level 5. HP: 23/35 MP: 3/9
  2255 | D:3      | Killed an ogre
  2498 | D:3      | Reached XP level 6. HP: 41/41 MP: 8/11
  2859 | D:3      | Found a sparkling altar of Nemelex Xobeh,
  2859 | D:3      | Found a stormy altar of Qazlal,
  2963 | D:3      | Killed Terence
  3200 | D:4      | Noticed Blork the orc
  3207 | D:4      | Gained mutation: You are partially covered in iridescent
                  | scales. (AC +2) [demonic ancestry]
  3207 | D:4      | Reached XP level 7. HP: 18/46 MP: 6/13
  3613 | D:4      | Reached skill level 1 in Shields
  3613 | D:4      | Reached skill level 5 in Fire Magic
  4275 | D:4      | Killed Blork the orc
  4366 | D:5      | Entered Level 5 of the Dungeon
  4493 | D:5      | Reached skill level 5 in Spellcasting
  4493 | D:5      | Reached skill level 5 in Conjurations
  4503 | D:5      | HP: 2/46 [orc wizard/magic dart (5)]
  4504 | D:5      | Killed from afar by an orc wizard

Levels and vault maps discovered:
D:1:      ldierk_walled_garden_2, layout_loops_corners
D:2:      layout_basic, fiery_altar_vehumet
D:3:      layout_rooms, gammafunk_temple_overflow_elements, first_ration,
          uniq_terence
D:4:      layout_basic, uniq_blork_the_orc
D:5:      layout_cave_pods, serial_park, serial_park_square2,
          kennysheep_generic_room_7, uniq_duvessa

Skill      XL: |  1  2  3  4  5  6  7 |
---------------+----------------------+-----
Fire Magic     | 3 4 5 |  5.3
Conjurations   | 2 3 4 5 |  5.0
Spellcasting   | 3 4 5 |  5.0
Shields        | 1 |  1.5
Dodging        | |  1.7
Stealth        | |  1.7

Action                   |  1- 3 |  4- 6 |  7- 9 || total
-------------------------+-------+-------+-------++-------
Melee: Unarmed           |    10 |       |       ||    10
       Club              |     7 |       |       ||     7
       War axe           |       |    17 |       ||    17
       Headbutt          |       |     1 |       ||     1
       Mace              |       |     1 |     2 ||     3
 Cast: Foxfire           |    59 |   124 |    42 ||   225
       Sticky Flame      |       |     1 |     4 ||     5
 Stab: Sleeping          |       |     1 |       ||     1
  Eat: Chunk             |     2 |     5 |     5 ||    12
Armor: Robe              |     8 |     6 |     3 ||    17
Dodge: Dodged            |    20 |    52 |    11 ||    83

Table legend:
 A = Non-vault XP
 B = Vault XP
 C = Vault XP percentage of total XP
 D = Non-vault monster count
 E = Vault monster count
 F = Vault count percentage of total count
                 A         B        C        D         E       F
            +---------+---------+-------+---------+---------+-------
      Total |    1208 |     126 |   9.4 |      97 |       2 |   2.0
            +---------+---------+-------+---------+---------+-------
        D:1 |      47 |       0 |   0.0 |      26 |       0 |   0.0
        D:2 |     111 |       0 |   0.0 |      23 |       0 |   0.0
        D:3 |     449 |      36 |   7.4 |      31 |       1 |   3.1
        D:4 |     439 |      90 |  17.0 |      14 |       1 |   6.7
        D:5 |     162 |       0 |   0.0 |       3 |       0 |   0.0
            +---------+---------+-------+---------+---------+-------
